 BcadrenCrawl: Boulder Brew version 0.04.21-209-g19e16bb646 (webtiles) character file.

Game seed: 16995513939123576638, levelgen mode: deterministic

68 st0uf the Ducker (level 4, 36/36 HPs) Immature Draconian Demonspawn. Began on May 25, 2021. Quit the game on level 1 of the Dungeon. The game lasted 00:03:54 (742 turns).

st0uf the Ducker (Immature Draconian Demonspawn)     Turns: 742, Time: 00:03:55

Health: 36/36      AC:  9    Str: 17    XL:     4 ^: 98
Magic:  6/7        EV: -2    Int: 13    God:
Gold:   30         SH:  0    Dex: 10    Spells: 6/7 levels left

rFire    x . .     Vision   .     - Unarmed
rCold    + . .     Gourm    .     - Unarmed
rNeg     . . .     Faith    .   a - +0 leather armour
rPois    .         Spirit   .   (helmet restricted)
rElec    .         Reflect  .   (no cloak)
rCorr    .         Harm     .   (no gloves)
MR       .....                  (no boots)
Stlth    ..........             (no amulet)
HPRegen  0.22/turn              (no ring)
MPRegen  0.17/turn              (no ring)

@: no status effects
A: horns 1, cold resistance 1, powered by pain 1, heat vulnerability 1,
cold-blooded, subdued magic, AC +6
a: Breathe Dart


You were on level 1 of the Dungeon.
You were not hungry.

You visited 1 branch of the dungeon, and saw 1 of its levels.

You collected 30 gold pieces.

Inventory:

Armour
 a - a +0 leather armour (worn)
Jewellery
 f - a cursed ring of evasion {(Curse: *Contam Slay-6)}
 h - an uncursed ring of resist corrosion
Scrolls
 b - a scroll of enchantment
 d - a scroll of summoning
 e - a scroll of amnesia
Potions
 g - a potion of might
Comestibles
 c - 4 rations


   Skills:
 * Level 1.7 Fighting
 + Level 3.2 Dodging
 + Level 1.5 Stealth
 + Level 2.2 Unarmed Combat
 * Level 2.0 Spellcasting
 - Level 1.5 Fire Magic
   Level 3.0 Invocations


You had 6 spell levels left.
You knew the following spells:

 Your Spells              Type           Power        Failure   Level  Hunger
a - Flame Tongue          Fire           2 (30)       100%        1    ##.....

Your spell library contained the following spells:

 Spells                   Type           Power        Failure   Level  Hunger
 Blink                    Tloc           N/A          100%        2    ###....
 Call Imp                 Summ           0 (100)      100%        2    ###....
 Slow                     Hex            0 (100)      100%        2    ###....
 Conjure Flame            Fire           2 (100)      100%        3    ####...
 Mephitic Cloud           Pois/Air       0 (100)      100%        3    ####...


Dungeon Overview and Level Annotations

Branches:
Dungeon (1/8)

Altars:


Innate Abilities, Weirdness & Mutations

Your plain brown scales are resilient. (AC +6)
You can breathe rudimentary magical darts.
You have a pair of horns on your head.
You sometimes gain a little power by taking damage.
You are cold-blooded and are slowed more easily by cold attacks.
You are cold resistant. (rC+)
You are vulnerable to heat. (rF-)
Your spells are easier to cast, but less powerful.


Message History

Your leather armour prevents you from hitting the giant cockroach.
You barely miss the giant cockroach.
The giant cockroach bites you but does no damage.
You hit the giant cockroach but do no damage.
You hit the giant cockroach (4).
You tail-slap the giant cockroach, but do no damage.
The giant cockroach is almost dead. (1/5) HP The giant cockroach bites you but does no damage.
You closely miss the giant cockroach. x2
You hit the giant cockroach (6).
You kill the giant cockroach!
Your Spellcasting skill increases to level 2!
You have reached level 4!
You feel clever.
Your demonic ancestry asserts itself...
A pair of horns grows on your head!
You see here a giant cockroach corpse.
Done exploring.
Done exploring.
Something appears at your feet!
Are you sure you want to abandon this character and quit the game? (Confirm with "yes".)

### ##.##
##...############
##...............#
..)...###.######†#
#..........# #.#
#.........## #.#
##.##.###.######.#
..............##@#
..............##.#
..♣.....♣.....##.#
..............##.#
..♣.....♣.....##.#
..............##.#
..♣.....♣......#.#
...............#.#
..♣.....♣......#.#


There were no monsters in sight!

Vanquished Creatures
  2 giant cockroaches (D:1)
  2 cinder newts (D:1)
  A dart slug (D:1)
  A ball python (D:1)
  2 hobgoblins (D:1)
  4 bats (D:1)
  A goblin (D:1)
  10 kobolds (D:1)
  6 rats (D:1)
29 creatures vanquished.

Notes
Turn   | Place    | Note
-------+----------+-------------------------------------------
     0 | D:1      | st0uf the Immature Draconian Demonspawn began the quest for
                  | the Orb.
     0 | D:1      | Reached XP level 1. HP: 16/16 MP: 3/3
    56 | D:1      | Gained mutation: You sometimes gain a little power by
                  | taking damage. [demonic ancestry]
    56 | D:1      | Reached XP level 2. HP: 23/23 MP: 4/4
   165 | D:1      | Reached XP level 3. HP: 25/28 MP: 5/5
   397 | D:1      | Gained mutation: You are highly resistant to hostile
                  | enchantments. (MR++) [potion of mutation]
   397 | D:1      | Lost mutation: You are highly resistant to hostile
                  | enchantments. (MR++) [potion of mutation]
   397 | D:1      | Gained mutation: You are vulnerable to heat. (rF-) [potion
                  | of mutation]
   398 | D:1      | Gained mutation: You are cold resistant. (rC+) [potion of
                  | mutation]
   398 | D:1      | Gained mutation: Your spells are easier to cast, but less
                  | powerful. [potion of mutation]
   604 | D:1      | Identified a scroll of acquirement
   735 | D:1      | Gained mutation: You have a pair of horns on your head.
                  | [demonic ancestry]
   735 | D:1      | Reached XP level 4. HP: 36/36 MP: 5/7
   742 | D:1      | Quit the game

Levels and vault maps discovered:
D:1:      wander_arrival_estate, layout_loops_ring, first_ration

Skill      XL: |  1  2  3 |
---------------+----------+-----
Unarmed Combat | 2 |  2.2
Dodging        | 3 |  3.2
Spellcasting   | 2 |  2.0
Fighting       | |  1.7
Stealth        | |  1.5
Fire Magic     | |  1.5
Invocations    | |  3.0

Action                   |  1- 3 |  4- 6 || total
-------------------------+-------+-------++-------
Melee: Unarmed           |   346 |       ||   346
       Tailslap          |     2 |       ||     2
  Use: Potion            |     2 |       ||     2
       Scroll            |       |     1 ||     1
Armor: Leather armour    |    98 |       ||    98
